[ PARTIDA AOE2 · #507817432 ]
UnrankedBúlgaros vs Slavs
Equipo del jugador · VICT
Equipo rival · DERR
[ ANÁLISIS DE REPETICIÓN · EXTRAÍDO DE LA PARTIDA GRABADA ]
Feudal
15:49
Castillos
26:38
Imperial
—
| APM promedio | 51.6 |
| APM pico | 93 |
| eAPM promedio | 27.5 |
| Aldeanos / militares | 92 / 137 |
Foco
⚔️ 36.0% · 🌾 64.0%
Scout Cavalry ×79 · Knight ×30 · Militia ×16 · Scorpion ×7 · Mangonel ×3 · Battering Ram ×2
Feudal
8:51
Castillos
23:16
Imperial
—
| APM promedio | 45.5 |
| APM pico | 69 |
| eAPM promedio | 24.6 |
| Aldeanos / militares | 116 / 61 |
Foco
⚔️ 37.5% · 🌾 62.5%
Cavalry Archer ×39 · Archer ×10 · Knight ×5 · Scout Cavalry ×4 · Mangonel ×2 · Monk ×1
Mapa de la partida
Recursos iniciales + cada clic de construcción. Líneas = muros · curvas = relieve. ◆ oro · ⬟ piedra · ● bayas · ✦ reliquia · ◌ hueco del cierre
Tu base· Abierta — hueco de 4t
Base de jakco· ✓ Cerrada en 23:16 · 46t muro · sin puerta
Terreno inicial suavizado · ◌ = hueco del cierre detectado · pasá el cursor para detalles
Inputs por minuto
— eduv - - jakco
Build order — eduv
Primeras 150 de 347 acciones detectadas
| 0:01 | Encolar | Villager (Male) |
| 0:02 | Encolar | Villager (Male) |
| 0:03 | Construir | House |
| 0:05 | Construir | House |
| 0:22 | Encolar | Villager (Male) |
| 0:23 | Encolar | Villager (Male) |
| 0:23 | Encolar | Villager (Male) |
| 1:29 | Encolar | Villager (Male) |
| 1:29 | Encolar | Villager (Male) |
| 1:29 | Encolar | Villager (Male) |
| 2:05 | Encolar | Villager (Male) |
| 2:05 | Encolar | Villager (Male) |
| 2:06 | Encolar | Villager (Male) |
| 2:15 | Encolar | Villager (Male) |
| 2:15 | Encolar | Villager (Male) |
| 2:54 | Encolar | Villager (Male) |
| 2:54 | Encolar | Villager (Male) |
| 2:54 | Encolar | Villager (Male) |
| 3:05 | Encolar | Villager (Male) |
| 3:05 | Encolar | Villager (Male) |
| 3:29 | Construir | Barracks |
| 3:39 | Encolar | Villager (Male) |
| 3:39 | Encolar | Villager (Male) |
| 3:40 | Encolar | Villager (Male) |
| 4:16 | Encolar | Villager (Male) |
| 4:16 | Encolar | Villager (Male) |
| 4:28 | Encolar | Militia |
| 4:28 | Encolar | Militia |
| 4:28 | Encolar | Militia |
| 4:34 | Construir | House |
| 4:38 | Investigar | Loom |
| 4:40 | Investigar | Loom |
| 4:41 | Encolar | Villager (Male) |
| 4:57 | Construir | House |
| 4:59 | Construir | House |
| 5:11 | Encolar | Militia |
| 5:12 | Encolar | Villager (Male) |
| 5:43 | Encolar | Villager (Male) |
| 6:42 | Encolar | Villager (Male) |
| 6:42 | Encolar | Villager (Male) |
| 6:42 | Encolar | Villager (Male) |
| 6:42 | Encolar | Villager (Male) |
| 6:42 | Encolar | Villager (Male) |
| 6:43 | Encolar | Villager (Male) |
| 6:43 | Encolar | Villager (Male) |
| 7:23 | Encolar | Militia |
| 7:23 | Encolar | Militia |
| 7:24 | Encolar | Militia |
| 7:42 | Encolar | Villager (Male) |
| 7:43 | Encolar | Villager (Male) |
| 7:43 | Encolar | Villager (Male) |
| 7:48 | Construir | Lumber Camp |
| 8:11 | Encolar | Villager (Male) |
| 8:12 | Encolar | Villager (Male) |
| 8:12 | Encolar | Villager (Male) |
| 8:22 | Construir | House |
| 8:44 | Encolar | Villager (Male) |
| 9:00 | Encolar | Militia |
| 9:00 | Encolar | Militia |
| 9:03 | Encolar | Villager (Male) |
| 9:03 | Encolar | Villager (Male) |
| 9:03 | Encolar | Villager (Male) |
| 9:03 | Encolar | Villager (Male) |
| 9:06 | Construir | Mining Camp |
| 9:55 | Construir | Mill |
| 10:05 | Construir | Mill |
| 10:16 | Encolar | Militia |
| 10:16 | Encolar | Militia |
| 10:16 | Encolar | Militia |
| 10:24 | Encolar | Villager (Male) |
| 10:24 | Encolar | Villager (Male) |
| 10:25 | Encolar | Villager (Male) |
| 10:43 | Construir | Palisade Wall |
| 10:47 | Construir | Palisade Wall |
| 10:59 | Construir | Palisade Wall |
| 11:06 | Construir | Palisade Wall |
| 11:08 | Encolar | Villager (Male) |
| 11:13 | Construir | Farm |
| 11:14 | Construir | Farm |
| 11:19 | Construir | Farm |
| 11:37 | Encolar | Villager (Male) |
| 11:44 | Construir | House |
| 11:52 | Encolar | Villager (Male) |
| 11:54 | Encolar | Militia |
| 11:54 | Encolar | Militia |
| 11:55 | Encolar | Militia |
| 12:11 | Construir | Palisade Wall |
| 12:23 | Encolar | Villager (Male) |
| 12:24 | Construir | Farm |
| 12:27 | Construir | Farm |
| 12:29 | Construir | Farm |
| 13:10 | Encolar | Villager (Male) |
| 13:29 | Construir | Farm |
| 13:32 | Construir | Farm |
| 13:39 | Investigar | Feudal Age |
| 13:40 | Investigar | Feudal Age |
| 13:46 | Construir | Farm |
| 13:48 | Construir | Farm |
| 13:55 | Encolar | Villager (Male) |
| 14:08 | Construir | Farm |
| 14:35 | Construir | Farm |
| 15:14 | Encolar | Militia |
| 15:47 | Encolar | Villager (Male) |
| 15:49 | Edad | Edad Feudal |
| 15:53 | Construir | Stable |
| 16:10 | Construir | Blacksmith |
| 16:12 | Encolar | Villager (Male) |
| 16:34 | Encolar | Scout Cavalry |
| 16:36 | Construir | House |
| 16:38 | Construir | House |
| 16:38 | Construir | House |
| 16:38 | Construir | House |
| 16:38 | Construir | House |
| 17:02 | Construir | House |
| 17:13 | Construir | Stable |
| 17:16 | Construir | House |
| 17:34 | Encolar | Villager (Male) |
| 17:43 | Construir | Lumber Camp |
| 17:44 | Encolar | Villager (Male) |
| 17:51 | Construir | House |
| 17:58 | Encolar | Scout Cavalry |
| 18:00 | Investigar | Bloodlines |
| 18:00 | Investigar | Bloodlines |
| 18:25 | Construir | Market |
| 18:26 | Encolar | Villager (Male) |
| 18:31 | Encolar | Scout Cavalry |
| 18:31 | Encolar | Scout Cavalry |
| 18:33 | Encolar | Scout Cavalry |
| 18:33 | Encolar | Scout Cavalry |
| 18:39 | Encolar | Villager (Male) |
| 18:42 | Construir | Farm |
| 18:43 | Construir | Farm |
| 18:58 | Construir | House |
| 19:16 | Encolar | Villager (Male) |
| 19:20 | Encolar | Scout Cavalry |
| 19:20 | Encolar | Scout Cavalry |
| 19:34 | Construir | Stable |
| 19:54 | Investigar | Scale Barding Armor |
| 19:54 | Investigar | Scale Barding Armor |
| 19:56 | Encolar | Villager (Male) |
| 19:56 | Encolar | Villager (Male) |
| 20:00 | Investigar | Double-Bit Axe |
| 20:00 | Investigar | Double-Bit Axe |
| 20:05 | Construir | Farm |
| 20:06 | Construir | Farm |
| 20:07 | Construir | Farm |
| 20:36 | Investigar | Forging |
| 20:37 | Investigar | Forging |
| 20:37 | Investigar | Forging |
| 20:55 | Encolar | Scout Cavalry |
Build order — jakco
Primeras 150 de 287 acciones detectadas
| 0:01 | Encolar | Villager (Male) |
| 0:01 | Encolar | Villager (Male) |
| 0:01 | Encolar | Villager (Male) |
| 0:02 | Encolar | Villager (Male) |
| 0:04 | Construir | House |
| 0:05 | Construir | House |
| 1:24 | Construir | Mill |
| 1:25 | Encolar | Villager (Male) |
| 2:03 | Encolar | Villager (Male) |
| 2:04 | Encolar | Villager (Male) |
| 2:26 | Encolar | Villager (Male) |
| 2:27 | Encolar | Villager (Male) |
| 2:51 | Encolar | Villager (Male) |
| 2:51 | Encolar | Villager (Male) |
| 3:21 | Encolar | Villager (Male) |
| 3:22 | Encolar | Villager (Male) |
| 3:32 | Construir | House |
| 3:45 | Encolar | Villager (Male) |
| 3:46 | Encolar | Villager (Male) |
| 4:09 | Encolar | Villager (Male) |
| 4:57 | Construir | Lumber Camp |
| 5:02 | Encolar | Villager (Male) |
| 5:20 | Encolar | Villager (Male) |
| 5:24 | Investigar | Loom |
| 5:46 | Encolar | Villager (Male) |
| 6:22 | Construir | Palisade Wall |
| 6:24 | Construir | Palisade Wall |
| 6:26 | Construir | Palisade Wall |
| 6:27 | Construir | Palisade Wall |
| 6:30 | Construir | Palisade Wall |
| 6:41 | Investigar | Feudal Age |
| 6:41 | Investigar | Feudal Age |
| 7:10 | Construir | Palisade Wall |
| 7:37 | Encolar | Villager (Male) |
| 8:12 | Construir | Mining Camp |
| 8:23 | Construir | Barracks |
| 8:51 | Edad | Edad Feudal |
| 9:02 | Encolar | Villager (Male) |
| 9:06 | Investigar | Double-Bit Axe |
| 9:36 | Encolar | Villager (Male) |
| 9:57 | Construir | Stable |
| 9:59 | Encolar | Villager (Male) |
| 10:01 | Construir | Farm |
| 10:13 | Construir | Farm |
| 10:24 | Encolar | Scout Cavalry |
| 10:42 | Construir | Mill |
| 10:44 | Encolar | Villager (Male) |
| 11:00 | Encolar | Villager (Male) |
| 11:11 | Construir | Farm |
| 11:41 | Encolar | Villager (Male) |
| 11:47 | Construir | Archery Range |
| 11:49 | Encolar | Scout Cavalry |
| 12:06 | Encolar | Villager (Male) |
| 12:06 | Encolar | Villager (Male) |
| 12:26 | Encolar | Scout Cavalry |
| 12:28 | Construir | Mining Camp |
| 12:40 | Encolar | Villager (Male) |
| 12:40 | Encolar | Villager (Male) |
| 12:54 | Encolar | Archer |
| 12:56 | Encolar | Villager (Male) |
| 13:10 | Construir | House |
| 13:13 | Construir | Palisade Wall |
| 13:15 | Encolar | Villager (Male) |
| 13:26 | Encolar | Villager (Male) |
| 13:30 | Construir | Blacksmith |
| 13:38 | Encolar | Scout Cavalry |
| 13:39 | Encolar | Archer |
| 13:52 | Encolar | Villager (Male) |
| 14:02 | Encolar | Archer |
| 14:02 | Encolar | Archer |
| 14:05 | Construir | Farm |
| 14:10 | Construir | House |
| 14:11 | Construir | House |
| 14:24 | Encolar | Villager (Male) |
| 14:35 | Construir | Palisade Wall |
| 14:44 | Encolar | Villager (Male) |
| 14:55 | Construir | Farm |
| 14:57 | Investigar | Fletching |
| 15:13 | Encolar | Archer |
| 15:15 | Construir | Farm |
| 15:16 | Encolar | Villager (Male) |
| 15:32 | Encolar | Villager (Male) |
| 15:39 | Encolar | Villager (Male) |
| 15:46 | Encolar | Archer |
| 15:50 | Construir | Farm |
| 15:51 | Construir | Farm |
| 15:56 | Encolar | Archer |
| 16:29 | Encolar | Villager (Male) |
| 16:35 | Encolar | Archer |
| 16:41 | Encolar | Villager (Male) |
| 16:42 | Construir | Farm |
| 16:45 | Construir | Farm |
| 16:47 | Construir | Farm |
| 16:47 | Encolar | Villager (Male) |
| 16:51 | Encolar | Villager (Male) |
| 16:59 | Encolar | Villager (Male) |
| 17:00 | Construir | House |
| 17:11 | Encolar | Villager (Male) |
| 17:28 | Encolar | Villager (Male) |
| 17:49 | Encolar | Villager (Male) |
| 17:53 | Encolar | Archer |
| 17:53 | Encolar | Archer |
| 17:54 | Construir | Palisade Wall |
| 17:55 | Construir | Palisade Wall |
| 17:55 | Construir | Palisade Wall |
| 17:57 | Construir | Palisade Wall |
| 18:49 | Encolar | Villager (Male) |
| 18:57 | Construir | Farm |
| 18:58 | Investigar | Horse Collar |
| 19:01 | Encolar | Villager (Male) |
| 19:04 | Construir | House |
| 19:05 | Construir | House |
| 19:14 | Construir | House |
| 19:16 | Construir | Palisade Wall |
| 19:18 | Construir | Palisade Wall |
| 19:21 | Encolar | Villager (Male) |
| 19:31 | Construir | Farm |
| 20:36 | Investigar | Castle Age |
| 20:36 | Investigar | Castle Age |
| 21:02 | Encolar | Villager (Male) |
| 21:17 | Construir | Palisade Wall |
| 21:29 | Construir | Archery Range |
| 21:30 | Construir | Archery Range |
| 21:43 | Construir | House |
| 21:44 | Encolar | Villager (Male) |
| 22:07 | Construir | Palisade Wall |
| 22:21 | Construir | House |
| 22:21 | Construir | House |
| 22:27 | Investigar | Bloodlines |
| 22:34 | Encolar | Villager (Male) |
| 23:00 | Construir | Market |
| 23:01 | Construir | House |
| 23:02 | Construir | House |
| 23:05 | Encolar | Villager (Male) |
| 23:16 | Edad | Edad de los Castillos |
| 23:17 | Investigar | Bodkin Arrow |
| 23:19 | Encolar | Cavalry Archer |
| 23:19 | Encolar | Cavalry Archer |
| 23:19 | Encolar | Cavalry Archer |
| 23:36 | Construir | Town Center |
| 23:37 | Encolar | Villager (Male) |
| 23:43 | Encolar | Cavalry Archer |
| 23:43 | Encolar | Cavalry Archer |
| 23:43 | Encolar | Cavalry Archer |
| 23:44 | Encolar | Villager (Male) |
| 23:50 | Encolar | Villager (Male) |
| 24:06 | Construir | Palisade Gate |
| 24:07 | Encolar | Villager (Male) |
| 24:08 | Encolar | Cavalry Archer |
| 24:09 | Encolar | Cavalry Archer |
Cronología de la partida
| 3:29 | eduv · first_building Barracks |
| 6:22 | jakco · wall_segment Palisade Wall x1 |
| 6:24 | jakco · wall_segment Palisade Wall x1 |
| 6:26 | jakco · wall_segment Palisade Wall x1 |
| 6:27 | jakco · wall_segment Palisade Wall x1 |
| 6:30 | jakco · wall_segment Palisade Wall x1 |
| 7:10 | jakco · wall_segment Palisade Wall x1 |
| 8:23 | jakco · first_building Barracks |
| 8:51 | jakco · age_up feudal |
| 9:57 | jakco · first_building Stable |
| 10:43 | eduv · wall_segment Palisade Wall x1 |
| 10:47 | eduv · wall_segment Palisade Wall x1 |
| 10:59 | eduv · wall_segment Palisade Wall x5 |
| 11:06 | eduv · wall_segment Palisade Wall x3 |
| 11:47 | jakco · first_building Archery Range |
| 12:11 | eduv · wall_segment Palisade Wall x9 |
| 13:13 | jakco · wall_segment Palisade Wall x1 |
| 14:35 | jakco · wall_segment Palisade Wall x1 |
| 15:49 | eduv · age_up feudal |
| 15:53 | eduv · first_building Stable |
| 17:54 | jakco · wall_segment Palisade Wall x1 |
| 17:55 | jakco · wall_segment Palisade Wall x1 |
| 17:55 | jakco · wall_segment Palisade Wall x1 |
| 17:57 | jakco · wall_segment Palisade Wall x1 |
| 19:16 | jakco · wall_segment Palisade Wall x7 |
| 19:18 | jakco · wall_segment Palisade Wall x10 |
| 21:17 | jakco · wall_segment Palisade Wall x16 |
| 21:48 | eduv · first_market_sell 100 stone |
| 21:49 | eduv · first_market_buy 100 food |
| 22:07 | jakco · wall_segment Palisade Wall x1 |
| 23:16 | jakco · age_up castle |
| 25:19 | jakco · first_building Monastery |
| 26:38 | eduv · age_up castle |
| 26:55 | eduv · first_building Siege Workshop |
| 33:29 | jakco · first_building Siege Workshop |
| 34:03 | eduv · wall_segment Palisade Wall x1 |
| 37:02 | jakco · resign |
[ ANÁLISIS IA · 1 CRÉDITO ]
¿Qué pasó realmente en esta partida?
Wolo.gg analiza cada decisión: build order, eco, micro, errores típicos por bracket. Análisis personalizado por WhatsApp o Discord en 30 segundos.
Guía civ
Búlgaros
Perfil
Jugador #631884